[Event "ICC tourney 1994 (90 10)"]
[Site "Internet Chess Club"]
[Date "2020.09.05"]
[Round "2"]
[White "shianen"]
[Black "IndianTerritory"]
[Result "1/2-1/2"]
[ICCResult "Game drawn by mutual agreement"]
[WhiteElo "2180"]
[BlackElo "2043"]
[Opening "QGD Slav defense: exchange variation"]
[ECO "D10"]
[NIC "SL.01"]
[Time "15:36:04"]
[TimeControl "5400+10"]

1. d4 c6 2. c4 d5 3. cxd5 cxd5 4. Nc3 Nf6 5. Bf4 Nc6 6. e3 Bg4 7. Nf3 Qb6 8.
Qb3 Qxb3 9. axb3 Bxf3 10. gxf3 e6 11. Bb5 a6 12. Kd2 Rc8 13. Be2 Be7 14.
Rhg1 Nh5 15. Bg3 g6 16. Rgc1 O-O 17. Na4 Bb4+ 18. Kd1 Na5 19. Nb6 Rxc1+ 20.
Rxc1 Nxb3 21. Rc7 Nxg3 22. fxg3 Rb8 23. Nd7 Ba5 24. Rc2 Rd8 25. Nc5 Nxc5 26.
Rxc5 Bb6 27. Rc3 Kg7 28. Kc2 Kf6 29. Rb3 Rc8+ 30. Kd3 Rc6 31. Rc3 Rxc3+ 32.
Kxc3 e5 33. dxe5+ Kxe5 34. Kd3 f5 35. Bd1 Bc5 36. h4 Be7 37. h5 g5 38. f4+
Kd6 39. fxg5 Bxg5 40. g4 f4 41. exf4 Bxf4 42. Kc2 h6 43. Be2 Kc5 44. Bd3 b5
45. Bf5 a5 46. Be6 Be5 47. Bf7 a4 48. Be8 Kc4 49. Bd7 d4 50. Be6+ Kc5 51.
Kd3 b4 52. Bd7 a3 53. bxa3 bxa3 54. Be6 Kd6 55. Ba2 Bf6 56. Ke4 Be5 57. Bb3
Bf6 58. Ba2 Kd7 59. Bb3 Kc6 60. Ba2 Kd6 61. Bb3 {Game drawn by mutual
agreement} 1/2-1/2

[Event "ICC tourney 1994 (90 10)"]
[Site "Internet Chess Club"]
[Date "2020.09.05"]
[Round "2"]
[White "Openyagami"]
[Black "kingcaleb"]
[Result "1-0"]
[ICCResult "Black resigns"]
[WhiteElo "2547"]
[BlackElo "1422"]
[Opening "English: Mikenas-Carls, Flohr variation"]
[ECO "A18"]
[NIC "EO.57"]
[Time "15:36:13"]
[TimeControl "5400+10"]

1. c4 e6 2. Nc3 Nf6 3. e4 d5 4. e5 d4 5. exf6 dxc3 6. bxc3 Qxf6 7. Nf3 e5 8.
d4 exd4 9. Bg5 Qd6 10. cxd4 Be7 11. Be3 Bg4 12. c5 Qd5 13. Qa4+ Bd7 14. Qc2
Be6 15. Bd3 Nc6 16. O-O Bf6 17. Rab1 O-O-O 18. Qb2 Na5 19. Qb4 b6 20. Rfc1
Be7 21. Qb5 Nb7 22. cxb6 axb6 23. Qxb6 Nc5 24. Qb8+ Kd7 25. Bb5+ c6 26. Ne5+
Ke8 27. Bxc6+ Nd7 28. Qxd8+ Bxd8 29. Bxd5 Bxd5 30. Rb5 Be6 31. Nc6
{Black resigns}
1-0

[Event "ICC tourney 1994 (90 10)"]
[Site "Internet Chess Club"]
[Date "2020.09.05"]
[Round "2"]
[White "agpil"]
[Black "town"]
[Result "0-1"]
[ICCResult "White checkmated"]
[WhiteElo "1848"]
[BlackElo "2135"]
[Opening "Sicilian: Kan, 5.Nc3"]
[ECO "B43"]
[NIC "SI.41"]
[Time "15:36:03"]
[TimeControl "5400+10"]

1. e4 c5 2. Nf3 e6 3. d4 cxd4 4. Nxd4 a6 5. Nc3 Qc7 6. Be3 Nf6 7. Bd3 Bb4 8.
Bd2 Nc6 9. Nb3 O-O 10. O-O Be7 11. f4 d6 12. Be3 b5 13. Qe2 Nb4 14. a3 Nxd3
15. cxd3 Bb7 16. Rac1 Qd7 17. h3 a5 18. Nd4 Ba6 19. Na2 b4 20. Qd2 bxa3 21.
bxa3 Rfc8 22. Rc3 Rxc3 23. Nxc3 Rb8 24. a4 d5 25. e5 Ne8 26. Ncb5 Bb4 27.
Qe2 Nc7 28. Nxc7 Qxc7 29. Rc1 Qd7 30. Nc6 Rb7 31. Bd2 Ba3 32. Rc3 Bb4 33.
Rc2 h6 34. Nxa5 Bxa5 35. Bxa5 Qxa4 36. Qd2 Qd4+ 37. Kh2 Qxd3 38. Qxd3 Bxd3
39. Rc8+ Kh7 40. Rc7 Rb2 41. Rxf7 Be4 42. Kg1 Rxg2+ 43. Kf1 Ra2 44. Bd8 Kg6
45. Re7 Bg2+ 46. Ke1 Bxh3 47. Rb7 Rg2 48. Rb3 Bg4 49. Bh4 Kf5 50. Bg3 Ke4
51. Rb4+ Kf5 52. Rb3 Re2+ 53. Kf1 Rd2 54. Rb7 Ke4 55. Rxg7 Kf3 56. Be1 Rd1
57. Rf7 Bh3+ 58. Kg1 Rxe1+ 59. Kh2 Bf5 60. Rh7 Bxh7 61. Kh3 Rh1#
{White checkmated}
0-1

[Event "ICC tourney 1994 (90 10)"]
[Site "Internet Chess Club"]
[Date "2020.09.05"]
[Round "2"]
[White "kpthomas"]
[Black "BreatheChessAls"]
[Result "1-0"]
[ICCResult "Black resigns"]
[WhiteElo "2126"]
[BlackElo "1948"]
[Opening "King's Indian: 6.Be2"]
[ECO "E91"]
[NIC "KI.19"]
[Time "15:36:01"]
[TimeControl "5400+10"]

1. c4 Nf6 2. Nc3 g6 3. e4 d6 4. d4 Bg7 5. Nf3 O-O 6. Be2 c6 7. O-O Bg4 8. h3
Bxf3 9. Bxf3 Nbd7 10. Be3 Qa5 11. Qd2 e5 12. d5 cxd5 13. cxd5 a6 14. a3 Rfc8
15. b4 Qd8 16. Be2 Qf8 17. g4 h6 18. Rfc1 g5 19. f3 Qd8 20. h4 gxh4 21. Bxh6
Qb6+ 22. Be3 Bh6 23. Nd1 Bxe3+ 24. Qxe3 Qxe3+ 25. Nxe3 Nf8 26. Nf5 Ng6 27.
Nxd6 Rxc1+ 28. Rxc1 Nf4 29. Bf1 Nh7 30. Nf5 h3 31. Kh2 Ng5 32. Rc3 Kh7 33.
Ng3 Kg7 34. Ne2 b5 35. Nxf4 exf4 36. d6 a5 37. d7 Rd8 38. Bxb5 Ne6 39. Rc8
Kf6 {Black resigns} 1-0

[Event "ICC tourney 1994 (90 10)"]
[Site "Internet Chess Club"]
[Date "2020.09.05"]
[Round "2"]
[White "IAlwaysWin"]
[Black "Monkeybomb3605"]
[Result "0-1"]
[ICCResult "White resigns"]
[WhiteElo "1853"]
[BlackElo "2027"]
[Opening "King's Indian: fianchetto without c4"]
[ECO "A49"]
[NIC "KI.66"]
[Time "15:36:22"]
[TimeControl "5400+10"]

1. Nf3 Nf6 2. d4 g6 3. g3 Bg7 4. Bg2 O-O 5. O-O d6 6. c4 Nc6 7. d5 Na5 8.
Nfd2 c5 9. Nc3 a6 10. Qc2 Rb8 11. b3 b5 12. Bb2 bxc4 13. bxc4 e5 14. e4 Nh5
15. Rab1 f5 16. exf5 gxf5 17. Ba1 Rxb1 18. Rxb1 Bh6 19. Nf1 Bd7 20. Qe2 Nf6
21. Bb2 Qc7 22. Bc1 Bg7 23. Nd2 Rb8 24. Nb3 Nxb3 25. Rxb3 Rxb3 26. axb3 Qa5
27. Qc2 e4 28. h3 Be8 29. Bf4 Nd7 30. Bd2 Qa1+ 31. Kh2 Bg6 32. Ne2 Ne5 33.
Bc3 Qa3 34. Nf4 a5 35. Ne6 Bh8 36. Bxe5 Bxe5 37. Qd2 Qxb3 38. Qb4 Qxb4
{White resigns}
0-1

[Event "ICC tourney 1994 (90 10)"]
[Site "Internet Chess Club"]
[Date "2020.09.05"]
[Round "2"]
[White "RagingKnightNC"]
[Black "Jupiter435"]
[Result "0-1"]
[ICCResult "White checkmated"]
[WhiteElo "2061"]
[BlackElo "2396"]
[Opening "Caro-Kann: Panov-Botvinnik attack"]
[ECO "B13"]
[NIC "CK.03"]
[Time "15:36:13"]
[TimeControl "5400+10"]

1. e4 c6 2. d4 d5 3. exd5 cxd5 4. c4 Nf6 5. Nc3 Nc6 6. Nf3 Bg4 7. cxd5 Nxd5
8. Bc4 e6 9. O-O Be7 10. Be3 Nxc3 11. bxc3 O-O 12. h3 Bh5 13. Be2 Rc8 14.
Qa4 Qa5 15. Qb3 Qc7 16. Rac1 Rfd8 17. Rfd1 Na5 18. Qa4 Nc4 19. Bxc4 Qxc4 20.
Qxa7 Bxf3 21. gxf3 Qc6 22. Rb1 Rd7 23. Kg2 b5 24. Qa5 Rd5 25. c4 Rf5 26. d5
exd5 27. cxd5 Qg6+ 28. Kf1 Qh5 29. Rbc1 Qxh3+ 30. Ke1 Qh1+ 31. Kd2 Rxd5+ 32.
Ke2 Rc2+ 33. Bd2 Rcxd2+ 34. Qxd2 Rxd2+ 35. Kxd2 Qxf3 36. Rc8+ Bf8 37. Ke1
Qh1+ 38. Ke2 Qh5+ 39. Ke1 Qh1+ 40. Ke2 Qe4+ 41. Kf1 g6 42. Rdd8 Qb4 43. Rb8
Kg7 44. a4 Qc4+ 45. Kg2 Qe4+ 46. Kf1 Bc5 47. Rxb5 Bxf2 48. Kxf2 Qh4+ 49. Ke3
Qxd8 50. Rb4 h5 51. Rd4 Qb6 52. Kd3 Qb3+ 53. Ke4 h4 54. a5 h3 55. Rd2 Qb4+
56. Ke3 Qxa5 57. Re2 g5 58. Kf3 Qc3+ 59. Kg4 Qf6 60. Rh2 Qf4+ 61. Kxh3 Qf3#
{White checkmated}
0-1

[Event "ICC tourney 1994 (90 10)"]
[Site "Internet Chess Club"]
[Date "2020.09.05"]
[Round "2"]
[White "jy2020"]
[Black "pianoboy"]
[Result "1/2-1/2"]
[ICCResult "Black stalemated"]
[WhiteElo "2210"]
[BlackElo "1881"]
[Opening "Caro-Kann: two knights variation"]
[ECO "B10"]
[NIC "CK.01"]
[Time "15:36:32"]
[TimeControl "5400+10"]

1. e4 c6 2. Nf3 d5 3. Nc3 dxe4 4. Nxe4 Bf5 5. Ng3 Bg6 6. Bc4 Nd7 7. O-O e6
8. d4 Ngf6 9. c3 Bd6 10. Re1 O-O 11. Bd3 Qc7 12. Bxg6 hxg6 13. Qe2 Rfe8 14.
Ne5 c5 15. Nxd7 Nxd7 16. dxc5 Bxc5 17. Be3 Red8 18. Rad1 Nf6 19. Bg5 Be7 20.
c4 Rac8 21. b3 a5 22. Qf3 a4 23. Bf4 Qc6 24. Qxc6 bxc6 25. Ne2 axb3 26. axb3
Ne4 27. f3 Bc5+ 28. Kf1 Nf2 29. Rxd8+ Rxd8 30. b4 Bxb4 31. Kxf2 Bxe1+ 32.
Kxe1 f6 33. Bc7 Rd7 34. Bb6 Kf7 35. Nd4 Rd6 36. Ke2 e5 37. Nb3 Re6 38. Nc5
Re8 39. Nb3 Ke6 40. Kd3 f5 41. Nc5+ Kd6 42. Na6 Ra8 43. c5+ Kd7 44. Nb4 Ra1
45. Ke3 Rb1 46. Nd3 Ke6 47. Bc7 Rb3 48. Ke2 e4 49. Nf4+ Kf7 50. h4 exf3+ 51.
gxf3 Rb1 52. Ke3 Rh1 53. Bd8 Rb1 54. Bg5 Rd1 55. Nd3 Ke6 56. Kd4 Ra1 57. Nb4
Rd1+ 58. Kc4 Kd7 59. Nc2 Rh1 60. Nd4 Rb1 61. Ne2 Ke6 62. Nf4+ Kf7 63. Nd3
Ke6 64. Bc1 Rb8 65. Bf4 Rc8 66. Ne5 Kf6 67. Kd4 Rd8+ 68. Kc4 Rc8 69. Kc3 Ra8
70. Nxc6 Rc8 71. Bg5+ Ke6 72. Nd4+ Kd5 73. c6 Kc5 74. c7 Kd6 75. Bd8 Kd5 76.
Nb5 Ra8 77. Na7 Ke5 78. Bg5 f4 79. c8=Q Rxc8+ 80. Nxc8 Ke6 81. Kd4 Kf5 82.
Nb6 Ke6 83. Ke4 Kf7 84. Kxf4 Kg8 85. Ke5 Kh8 86. Ke6 Kg8 87. Ke7 Kh8 88. Kf7
Kh7 89. Nd5 Kh8 90. Ne7 Kh7 91. Nxg6 {Black stalemated} 1/2-1/2

[Event "ICC tourney 1994 (90 10)"]
[Site "Internet Chess Club"]
[Date "2020.09.05"]
[Round "2"]
[White "SkyAngel"]
[Black "KnightHopper"]
[Result "1-0"]
[ICCResult "Black resigns"]
[WhiteElo "1747"]
[BlackElo "1843"]
[Opening "Sicilian: Canal-Sokolsky (Nimzovich-Rossolimo, Moscow) attack"]
[ECO "B51"]
[NIC "SI.01"]
[Time "15:36:15"]
[TimeControl "5400+10"]

1. e4 c5 2. Nf3 d6 3. Bb5+ Nd7 4. O-O Nf6 5. Re1 a6 6. Bd3 e5 7. c3 g6 8.
Bc2 Bg7 9. d4 O-O 10. a4 b6 11. Nbd2 Bb7 12. d5 Nh5 13. Nf1 Nf4 14. g3 Nh5
15. Ne3 b5 16. Qe2 c4 17. axb5 axb5 18. Rxa8 Qxa8 19. Nd2 Nc5 20. Nb1 Qe8
21. Na3 Bc8 22. Nf5 gxf5 23. Qxh5 fxe4 24. Bxe4 Nxe4 25. Rxe4 f5 26. Qxe8
Rxe8 27. Re1 Bd7 28. Nc2 Kf7 29. Kf1 Bf6 30. Be3 f4 31. Bb6 Bh3+ 32. Ke2 Bg5
33. Ra1 Re7 34. Bd8 Bg4+ 35. f3 Bf5 36. Bxe7 Kxe7 37. Nb4 e4 38. Nc6+ Kf6
39. Nd4 exf3+ 40. Kxf3 fxg3 41. hxg3 {Black resigns} 1-0

[Event "ICC tourney 1994 (90 10)"]
[Site "Internet Chess Club"]
[Date "2020.09.05"]
[Round "2"]
[White "apapneja"]
[Black "Chessking2008"]
[Result "1/2-1/2"]
[ICCResult "Game drawn by mutual agreement"]
[WhiteElo "1534"]
[BlackElo "2140"]
[Opening "Sicilian"]
[ECO "B50"]
[NIC "SI.01"]
[Time "15:36:56"]
[TimeControl "5400+10"]

1. e4 c5 2. Nf3 d6 3. g3 g6 4. Bg2 Bg7 5. O-O Nc6 6. d3 e5 7. Nc3 Nge7 8.
Nd2 O-O 9. Nc4 Be6 10. Nd5 f5 11. f4 Rc8 12. a4 Qd7 13. c3 Bf7 14. Nce3 Nxd5
15. Nxd5 Ne7 16. Nxe7+ Qxe7 17. exf5 exf4 18. fxg6 hxg6 19. Bxf4 d5 20. Qd2
Rfe8 21. Bh3 Be6 22. Bxe6+ Qxe6 23. Rae1 Qc6 24. Qc2 Rxe1 25. Rxe1 Re8 26.
Rxe8+ Qxe8 27. Qg2 Qe1+ 28. Qf1 Qe6 29. Qf2 Qc6 30. Qc2 b6 31. b3 a6 32. Be3
Qe6 33. Bf2 Qf5 34. c4 Kh7 35. a5 dxc4 36. Qxc4 b5 37. Qc2 c4 38. bxc4 bxc4
39. Qxc4 Qxa5 40. Bd4 Qe1+ 41. Kg2 Bxd4 42. Qxd4 Qe2+
{Game drawn by mutual agreement}
1/2-1/2

[Event "ICC tourney 1994 (90 10)"]
[Site "Internet Chess Club"]
[Date "2020.09.05"]
[Round "2"]
[White "saiabhi29"]
[Black "Yucheng"]
[Result "1-0"]
[ICCResult "Black resigns"]
[WhiteElo "2081"]
[BlackElo "1843"]
[Opening "Queen's pawn, Mason variation, Steinitz counter-gambit"]
[ECO "D00"]
[NIC "QP.08"]
[Time "15:36:54"]
[TimeControl "5400+10"]

1. d4 d5 2. Bf4 c5 3. e3 Nc6 4. c3 Nf6 5. Nd2 e6 6. Ngf3 Be7 7. Ne5 Nxe5 8.
dxe5 Nd7 9. Bd3 Nf8 10. O-O Ng6 11. Bg3 Bh4 12. Bf4 O-O 13. Qe2 b6 14. Rad1
Bb7 15. Qh5 Be7 16. Nf3 Qc8 17. Bg5 Ba6 18. Bxe7 Bxd3 19. Bxf8 Bxf1 20. Rxf1
Nxf8 21. Ng5 Qe8 22. Qg4 h6 23. Nf3 Ng6 24. h4 Qb5 25. h5 Nf8 26. b3 Qa5 27.
Qa4 Qxa4 28. bxa4 Nd7 29. Rd1 f6 30. e4 Nxe5 31. Nxe5 fxe5 32. exd5 Rd8 33.
d6 Kf7 34. Rd3 e4 35. Rd2 e5 36. Kf1 e3 37. fxe3 Ke6 38. Ke2 e4 39. Kf2 Rxd6
40. Rxd6+ Kxd6 41. c4 Ke5 42. Kg3 Kf5 43. Kh4 Kf6 44. Kg4 Ke5 45. g3 a6 46.
a5 {Black resigns} 1-0

[Event "ICC tourney 1994 (90 10)"]
[Site "Internet Chess Club"]
[Date "2020.09.05"]
[Round "2"]
[White "tedchen"]
[Black "hushboy"]
[Result "1-0"]
[ICCResult "Black resigns"]
[WhiteElo "2262"]
[BlackElo "1623"]
[Opening "Modern defense: Averbakh system"]
[ECO "A40"]
[NIC "KF.04"]
[Time "15:36:12"]
[TimeControl "5400+10"]

1. d4 g6 2. c4 Bg7 3. Nc3 d6 4. e4 e5 5. d5 f5 6. exf5 Bxf5 7. Bd3 Bxd3 8.
Qxd3 Nd7 9. Nh3 Ngf6 10. Ng5 Nc5 11. Qc2 a5 12. Be3 Nfd7 13. h4 Qe7 14. O-O
O-O 15. Rac1 Rae8 16. a3 h6 17. b4 hxg5 18. bxc5 Nxc5 19. Bxc5 dxc5 20. Qxg6
e4 21. Rce1 gxh4 22. Rxe4 Qf7 23. Qg5 Qf6 24. Qh5 Re5 25. Qxh4 Rg5 26. Ne2
Qg6 27. g3 Bf6 28. Re6 Rg4 29. Qh3 Rxc4 30. f4 Qg7 31. Kg2 Rd8 32. Qf5 Kf7
33. g4 Rxd5 34. Rxf6+ {Black resigns} 1-0

[Event "ICC tourney 1994 (90 10)"]
[Site "Internet Chess Club"]
[Date "2020.09.05"]
[Round "2"]
[White "ThunderingFish"]
[Black "Plato"]
[Result "1-0"]
[ICCResult "Black resigns"]
[WhiteElo "1891"]
[BlackElo "2018"]
[Opening "Réti opening"]
[ECO "A05"]
[NIC "QP.11"]
[Time "15:36:21"]
[TimeControl "5400+10"]

1. Nf3 Nf6 2. g3 e6 3. Bg2 d5 4. O-O c5 5. d3 Nc6 6. Nbd2 g6 7. e4 Bg7 8. c3
O-O 9. Re1 b6 10. a3 Ba6 11. Qa4 Qc8 12. e5 Nd7 13. d4 b5 14. Qd1 cxd4 15.
cxd4 b4 16. Nf1 Qb7 17. Ne3 Nb6 18. b3 Nd7 19. axb4 Nxb4 20. Ba3 Nd3 21.
Bxf8 Rxf8 22. Re2 N3xe5 23. Rea2 Nxf3+ 24. Bxf3 Bb5 25. Rxa7 Qb6 26. Nc2 Nb8
27. Ra8 Bc6 28. R8a3 Bb7 29. Qd3 Nc6 30. Rd1 Rc8 31. b4 Rb8 32. b5 Na5 33.
Ne3 Rc8 34. Be2 Nc4 35. Rb3 e5 36. dxe5 Nxe5 37. Qd2 d4 38. Ng4 Qe6 39. Nxe5
Qxb3 40. Qxd4 Qc2 41. Bg4 f5 42. Qd6 Bxe5 43. Qe6+ Kf8 44. Rd7 Qc4 45. Qxe5
Qc1+ 46. Bd1 {Black resigns} 1-0

[Event "ICC tourney 1994 (90 10)"]
[Site "Internet Chess Club"]
[Date "2020.09.05"]
[Round "2"]
[White "chessmate09520"]
[Black "Sricharan07"]
[Result "1-0"]
[ICCResult "Black resigns"]
[WhiteElo "2043"]
[BlackElo "1854"]
[Opening "French: Tarrasch, closed variation, main line"]
[ECO "C06"]
[NIC "FR.17"]
[Time "15:36:23"]
[TimeControl "5400+10"]

1. e4 e6 2. d4 d5 3. Nd2 Nf6 4. e5 Nfd7 5. Bd3 c5 6. c3 Nc6 7. Ne2 cxd4 8.
cxd4 f6 9. exf6 Nxf6 10. Nf3 Bd6 11. O-O O-O 12. Bg5 Qc7 13. Rc1 Ng4 14. h3
Rxf3 15. hxg4 Rf7 16. g3 Bd7 17. Be3 Raf8 18. Kg2 Qd8 19. g5 Ne7 20. Rh1 g6
21. f4 Bc6 22. Rh2 Qd7 23. Nc3 b5 24. Qe2 b4 25. Nd1 Nf5 26. Bf2 Bb7 27. b3
Re7 28. Nb2 Rg7 29. Bb5 Qf7 30. Re1 Bc8 31. Nd1 Qb7 32. Bd3 Qb6 33. Qb2 Rff7
34. Be3 Rc7 35. Nf2 Rc3 36. Bd2 Rcc7 37. Ng4 Qxd4 38. Nf6+ Kf8 39. Qb1 Bc5
40. Re2 Rce7 41. g4 Nd6 42. Rh3 Bb6 43. Be3 Qc3 44. Rc2 d4 45. Rxc3 bxc3 46.
Bc1 Bb7+ 47. Kg1 Bc5 48. b4 Bb6 49. Ba3 Rc7 50. b5 Ke7 51. Kh2 Bc5 52. Bxc5
Rxc5 53. a4 e5 54. Qb4 Rc4 55. Bxc4 c2 56. Qc5 {Black resigns} 1-0

[Event "ICC tourney 1994 (90 10)"]
[Site "Internet Chess Club"]
[Date "2020.09.05"]
[Round "2"]
[White "espark"]
[Black "TanitoluwaA"]
[Result "1/2-1/2"]
[ICCResult "Black stalemated"]
[WhiteElo "2333"]
[BlackElo "2075"]
[Opening "Sicilian: Scheveningen (Paulsen), classical variation"]
[ECO "B84"]
[NIC "SI.23"]
[Time "15:36:14"]
[TimeControl "5400+10"]

1. e4 c5 2. Nf3 e6 3. d4 cxd4 4. Nxd4 d6 5. Nc3 a6 6. Be2 Nf6 7. a3 b5 8.
Bf3 Ra7 9. O-O Be7 10. Qe2 O-O 11. Rd1 Rd7 12. g4 Bb7 13. Bg2 Ne8 14. f4 Nc6
15. Nb3 Bf6 16. g5 Bxc3 17. bxc3 Na5 18. Nxa5 Qxa5 19. Rd3 Qd8 20. Bd2 Nc7
21. Rf1 a5 22. f5 exf5 23. exf5 Re8 24. Re3 Rxe3 25. Bxe3 Qa8 26. Bxb7 Qxb7
27. Bd4 g6 28. fxg6 hxg6 29. Qg4 Ne6 30. Bf6 Qa7+ 31. Kg2 Qb7+ 32. Kg1 Qa7+
33. Rf2 Ng7 34. Bd4 Qb7 35. Qh3 Re7 36. Qh6 Re1+ 37. Rf1 Rxf1+ 38. Kxf1 Qf3+
39. Ke1 Qe4+ 40. Kd1 f6 41. gxf6 Nh5 42. Kc1 d5 43. Kb2 Qe8 44. Qg5 Qe4 45.
Qh6 Qe8 46. Qd2 Qe4 47. Qd3 Qe8 48. Qf3 Qf7 49. Qe2 Qd7 50. Qe5 Kf7 51. h3
a4 52. h4 Kf8 53. Qb8+ Kf7 54. Qh8 Nf4 55. Qg7+ Ke6 56. Qg8+ Qf7 57. Qb8 Kf5
58. Qxb5 Kg4 59. Qxa4 Qe6 60. f7 Qxf7 61. Be5 Qb7+ 62. Ka2 d4 63. Qxd4 Qd5+
64. Kb2 Qb5+ 65. Ka1 Qf1+ 66. Ka2 Kh5 67. Qxf4 Qg2 68. Kb2 Qb7+ 69. Qb4 Qd5
70. Bf6 Qe6 71. Bg5 Qa2+ 72. Kc1 Qxc2+ 73. Kxc2 {Black stalemated} 1/2-1/2

[Event "ICC tourney 1994 (90 10)"]
[Site "Internet Chess Club"]
[Date "2020.09.05"]
[Round "2"]
[White "paciorkowski"]
[Black "Blue-Elephant1"]
[Result "1-0"]
[ICCResult "Black resigns"]
[WhiteElo "1912"]
[BlackElo "2080"]
[Opening "Réti opening"]
[ECO "A06"]
[NIC "QP.09"]
[Time "15:36:12"]
[TimeControl "5400+10"]

1. Nf3 d5 2. e3 c6 3. c4 Nf6 4. Nc3 e6 5. b3 Nbd7 6. Qc2 Bd6 7. Bb2 O-O 8.
Rg1 Ne5 9. Nxe5 Bxe5 10. f4 Bc7 11. d4 b6 12. g4 e5 13. dxe5 Nxg4 14. Qg2 g6
15. Nd1 b5 16. Be2 Ba5+ 17. Kf1 Nh6 18. cxd5 cxd5 19. Qg5 Qxg5 20. fxg5 Nf5
21. Bxb5 Be6 22. Ke2 Rac8 23. Bd3 Bb6 24. Rc1 Rxc1 25. Bxc1 Rc8 26. Nf2 d4
27. e4 Ne3 28. Bb2 Bd7 29. Bb1 Re8 30. a4 Rxe5 31. Kd3 Re6 32. Ba2 Rc6 33.
Rc1 Rxc1 34. Bxc1 Ng2 35. Bd2 Bc7 36. h3 Nf4+ 37. Kxd4 Nxh3 38. Nxh3 Bxh3
39. b4 Kg7 40. e5 Kf8 41. a5 Bf1 42. Bf4 Ke7 43. Bc4 Bg2 44. Bd5 Bf1 45. Kc5
Ba6 46. Kc6 Bb8 47. Bxf7 Bd3 48. Bd5 Ba6 49. Bf3 Bc8 50. Bg2 Ba6 51. Bh3 Kd8
52. b5 Bc8 53. Bxc8 Kxc8 54. e6 {Black resigns} 1-0

[Event "ICC tourney 1994 (90 10)"]
[Site "Internet Chess Club"]
[Date "2020.09.05"]
[Round "2"]
[White "Solidwrench2"]
[Black "imranchamp"]
[Result "1-0"]
[ICCResult "Black checkmated"]
[WhiteElo "1623"]
[BlackElo "1626"]
[Opening "Sicilian: Pelikan, Chelyabinsk variation"]
[ECO "B33"]
[NIC "SI.37"]
[Time "15:36:22"]
[TimeControl "5400+10"]

1. e4 c5 2. Nf3 Nc6 3. d4 cxd4 4. Nxd4 Nf6 5. Nc3 e5 6. Ndb5 d6 7. Bg5 a6 8.
Na3 b5 9. Nd5 Be7 10. Bxf6 Bxf6 11. c3 Bg5 12. Nc2 O-O 13. Be2 Ne7 14. O-O
Nxd5 15. Qxd5 Be6 16. Qd3 d5 17. Rfd1 dxe4 18. Qxe4 Qf6 19. Nb4 Qf5 20. Qxf5
Bxf5 21. Rd6 Rfd8 22. Rad1 Rxd6 23. Rxd6 a5 24. Nc6 b4 25. cxb4 axb4 26.
Nxb4 Rb8 27. a3 g6 28. Rd1 Rc8 29. g4 Bc2 30. Rd7 Bb3 31. Bf3 Rc1+ 32. Kg2
Be6 33. Rb7 e4 34. Bxe4 Bxg4 35. Nd3 Rd1 36. Ne5 Be6 37. Nf3 Bf6 38. b4 Ra1
39. Ra7 Bb2 40. a4 Bc3 41. b5 f5 42. Bc6 Rb1 43. a5 Bc4 44. b6 f4 45. Ng5 h6
46. Ne4 Be5 47. Nd2 Rc1 48. Nxc4 Rxc4 49. Bd5+ Kh8 50. Bxc4 Bc7 51. Rxc7 f3+
52. Kf1 g5 53. b7 g4 54. b8=Q# {Black checkmated} 1-0

[Event "ICC tourney 1994 (90 10)"]
[Site "Internet Chess Club"]
[Date "2020.09.05"]
[Round "2"]
[White "tcao"]
[Black "Gfprasanna"]
[Result "1-0"]
[ICCResult "Black resigns"]
[WhiteElo "1891"]
[BlackElo "2076"]
[Opening "Giuoco Piano"]
[ECO "C50"]
[NIC "IG.02"]
[Time "15:36:19"]
[TimeControl "5400+10"]

1. e4 e5 2. Nf3 Nc6 3. Bc4 Bc5 4. O-O Nf6 5. d3 d6 6. Nc3 Bg4 7. h3 Bh5 8.
g4 Bg6 9. Nh4 Qd7 10. Nf5 Bxf5 11. gxf5 O-O-O 12. Bg5 Rdg8 13. Bxf6 gxf6+
14. Kh1 h5 15. Nd5 Qd8 16. Qd2 Nd4 17. c3 Nf3 18. Qe2 Ng5 19. b4 Bb6 20. h4
Nh3 21. Qf3 Nf4 22. Nxf4 exf4 23. Qxf4 Rg4 24. Qh2 Qe7 25. a4 c6 26. f3 Rg7
27. Rae1 Rhg8 28. d4 Bc7 29. d5 cxd5 30. Bxd5 Qe5 31. Qxe5 fxe5 32. f6 Rg3
33. Re2 R8g6 34. Bxf7 Rxf6 35. Bxh5 Rf4 36. Rff2 Bb6 37. Rf1 Rxh4+ 38. Rh2
Rf4 39. Rd1 Rg8 40. Bg4+ Kb8 41. a5 Bc7 42. Kg2 a6 43. Kg3 Rf6 44. Rdh1 Rgf8
45. Rh8 b6 46. axb6 Bxb6 47. Rxf8+ Rxf8 48. Rh6 Bc7 49. c4 Kb7 50. Be6 Ka7
51. Bd5 Kb8 52. Rh1 a5 53. bxa5 Ka7 54. Rh7 Kb8 55. a6 {Black resigns} 1-0

[Event "ICC tourney 1994 (90 10)"]
[Site "Internet Chess Club"]
[Date "2020.09.05"]
[Round "2"]
[White "kapilank"]
[Black "dopolian"]
[Result "1/2-1/2"]
[ICCResult "Game drawn by mutual agreement"]
[WhiteElo "1912"]
[BlackElo "2304"]
[Opening "Ruy Lopez: open (Tarrasch) defense"]
[ECO "C80"]
[NIC "RL.27"]
[Time "15:36:08"]
[TimeControl "5400+10"]

1. e4 e5 2. Nf3 Nc6 3. Bb5 a6 4. Ba4 Nf6 5. O-O Nxe4 6. Re1 Nc5 7. Nxe5 Nxe5
8. Rxe5+ Be7 9. Bb3 Nxb3 10. axb3 O-O 11. Nc3 c6 12. d3 d5 13. Bd2 Bd6 14.
Re1 Qf6 15. Ne2 Bg4 16. f3 Bc5+ 17. d4 Bxd4+ 18. Nxd4 Qxd4+ 19. Be3 Qxd1 20.
Raxd1 Bf5 21. Rd2 Rfe8 22. Kf2 a5 23. g4 Bg6 24. c4 dxc4 25. bxc4 b5 26.
cxb5 cxb5 27. Bb6 Reb8 28. Bc7 Rc8 29. Rd7 Bc2 30. Re2 Bb3 31. Red2 Rf8 32.
Bd6 Rfe8 33. Bc7 f6 34. Rd8 Kf8 35. Rxa8 Rxa8 36. Rd8+ Rxd8 37. Bxd8 a4 38.
Ba5 Ke7 39. Ke3 Kd6 40. Kd4 Bd1 41. Bb4+ Ke6 42. Ke4 Bc2+ 43. Kd4 Bd1 44.
Ke4 Bb3 45. h4 Bd5+ 46. Ke3 Bc6 47. f4 f5 48. g5 Kd5 49. Kd3 Bb7 50. Bf8 g6
51. Be7 Ke6 52. Bb4 Kd5 53. Be7 Bc8 54. Bf8 Bd7 55. Bb4 Bc6 56. Bf8 Bb7 57.
Be7 Bc8 58. Bf8 Be6 59. Bb4 Kc6 60. Kd4 Bc4 61. Bc3 Bf1 62. Bb4 Be2 63. Bc3
Bg4 {Game drawn by mutual agreement} 1/2-1/2

[Event "ICC tourney 1994 (90 10)"]
[Site "Internet Chess Club"]
[Date "2020.09.05"]
[Round "2"]
[White "vedrau"]
[Black "esrosenberg"]
[Result "1-0"]
[ICCResult "Black resigns"]
[WhiteElo "1997"]
[BlackElo "2208"]
[Opening "Giuoco Pianissimo"]
[ECO "C55"]
[NIC "IG.01"]
[Time "15:36:17"]
[TimeControl "5400+10"]

1. e4 e5 2. Nf3 Nc6 3. Bc4 Nf6 4. d3 Bc5 5. c3 a6 6. O-O Ba7 7. Bb3 d6 8.
Nbd2 O-O 9. Nc4 h6 10. Be3 b5 11. Ncd2 Bxe3 12. fxe3 Na5 13. Bc2 c5 14. Qe2
Rb8 15. h3 Rb6 16. Rf2 Be6 17. Raf1 Nh5 18. Kh2 g6 19. g4 Ng7 20. b3 Qc7 21.
c4 bxc4 22. dxc4 Qe7 23. Nb1 f5 24. exf5 gxf5 25. gxf5 e4 26. fxe6 exf3 27.
Rxf3 Nxe6 28. Qg2+ Qg7 29. Rg3 Ng5 30. h4 Rxf1 31. Qxf1 d5 32. hxg5 h5 33.
cxd5 h4 34. Rg2 Qe5+ 35. Qf4 Qxd5 36. Nc3 Qd6 37. Ne4 Qxf4+ 38. exf4 Rb4 39.
Nf6+ Kf7 40. Nh5 Rb6 41. g6+ Kg8 42. g7 Rh6 43. Bh7+ Rxh7 44. Nf6+
{Black resigns}
1-0

[Event "ICC tourney 1994 (90 10)"]
[Site "Internet Chess Club"]
[Date "2020.09.05"]
[Round "2"]
[White "canary2016"]
[Black "Zippycollar"]
[Result "1-0"]
[ICCResult "Black checkmated"]
[WhiteElo "1998"]
[BlackElo "1501"]
[Opening "QGD Slav: 3.Nf3"]
[ECO "D11"]
[NIC "QP.09"]
[Time "15:36:42"]
[TimeControl "5400+10"]

1. Nf3 d5 2. c4 c6 3. d4 Nf6 4. g3 Bf5 5. Nc3 e6 6. Nh4 Be4 7. f3 Bg6 8. Qb3
Qb6 9. c5 Qxb3 10. axb3 Bc2 11. b4 Na6 12. b5 Nb4 13. Kd2 Bb3 14. e3 e5 15.
Ra3 Bc4 16. Ra4 exd4 17. exd4 a5 18. bxa6 Nxa6 19. Bxc4 dxc4 20. Re1+ Kd7
21. Rxc4 Rd8 22. Kc2 Nd5 23. Nxd5 cxd5 24. Rc3 Nb4+ 25. Kb3 Nc6 26. Rd3 Be7
27. Nf5 Bf6 28. Be3 b6 29. Rd2 Na5+ 30. Kc2 Nc4 31. Rd3 Rc8 32. Bf2 Rhe8 33.
b3 Rxe1 34. Bxe1 Na3+ 35. Kb2 Nb5 36. cxb6 Ke6 37. g4 g6 38. Bg3 Bg5 39. b7
Bc1+ 40. Ka1 Rc2 41. b4 Nc3 42. Rxc3 Rxc3 43. b8=Q gxf5 44. Qd6#
{Black checkmated}
1-0